Workbook

Sheet QUADRO RESUMO
B2: Anexo 4 – Planilha de Custos e Formação de Preços.
B3: QUADRO RESUMO
B4: CBO | C4: Posto de Trabalho (CATEGORIA - Seeacep) | D4: Custo Mensal por Posto | E4: Quantidade de Postos | F4: Custo Mensal Total | G4: Custo Anual Total
B5: 5143-10 | C5: AUXILIAR DE MANUTENÇÃO DE EDIFICAÇÕES - 44h semanais | D5: =TRUNC('MANUT - 7SR - Módulos 1 a 6'!E120,2) -> 6085.43 | E5: ='MANUT - 7SR - Módulos 1 a 6'!E11 -> 1 | F5: =TRUNC(E5*D5,2) -> 6085.43 | G5: =TRUNC(F5*12,2) -> 73025.16
B6: 5143-20 | C6: AUXILIAR DE SERVIÇOS GERAIS - 44h semanais | D6: =TRUNC('SG 7SR - Módulos 1 a 6'!E121,2) -> 6388.79 | E6: ='SG 7SR - Módulos 1 a 6'!E11 -> 8 | F6: =TRUNC(E6*D6,2) -> 51110.32 | G6: =TRUNC(F6*12,2) -> 613323.84
B7: 5143-20 | C7: AUXILIAR DE SERVIÇOS GERAIS - 20h semanais | D7: =TRUNC('SG ESC - Módulos 1 a 6'!E120,2) -> 3479.11 | E7: ='SG ESC - Módulos 1 a 6'!E10 -> 3 | F7: =TRUNC(E7*D7,2) -> 10437.33 | G7: =TRUNC(F7*12,2) -> 125247.96
B8: 5134-25 | C8: COPEIRA - 44h semanais | D8: =TRUNC('COP 7SR - Módulos 1 a 6'!E120,2) -> 6763.82 | E8: ='COP 7SR - Módulos 1 a 6'!E11 -> 1 | F8: =TRUNC(E8*D8,2) -> 6763.82 | G8: =TRUNC(F8*12,2) -> 81165.84
B9: Total | E9: =SUM(E5:E8) -> 13 | F9: =TRUNC(SUM(F5:F8),2) -> 74396.9 | G9: =TRUNC(SUM(G5:G8),2) -> 892762.8

Sheet MANUT - 7SR - Módulos 1 a 6
B2: MÓDULOS 1 A 6 - Auxiliar de Manutenção de Edificações
B3: Planilha de Custos e Formação de Preços
B4: Sede da 7ª SR (Teresina/PI)
B5: Discriminação dos Serviços
B6: Data de apresentação da proposta
B7: Município | E7: Teresina - PI
B8: Ano do Acordo, Convenção ou Dissídio Coletivo | E8: PI000035/2026
B9: Tipo de Serviço | E9: Manutenção
B10: Unidade de Medida | E10: Posto
B11: Quantidade máxima passível de contratação em função da unidade de medida | E11: 1
B12: Nº de meses de execução contratual | E12: 12
B13: Regime Tributário da Empresa
B14: Se Optante pelo Simples Nacional, preencher o faturamento acumulado dos últimos 12 meses
B16: Dados complementares para composição dos custos referente à mão-de-obra
B17: 1 | C17: Tipo de serviço (mesmo serviço com características distintas) | D17: Manutenção
B18: 2 | C18: Classificação Brasileira de Ocupações (CBO) | D18: 5143-20
B19: 3 | C19: Salário Nominativo da Categoria Profissional | D19: 2015.04
B20: 4 | C20: Categoria profissional (vinculada à execução contratual) | D20: Auxiliar de Manutenção de Edificações
B21: 5 | C21: Data base da categoria (dia/mês/ano) | D21: 46023
B23: MÓDULO 1 - COMPOSIÇÃO DA REMUNERAÇÃO
B24: 1 | C24: COMPOSIÇÃO DA REMUNERAÇÃO | D24: % | E24: VALOR (R$)
B25: A | C25: Salário Base | E25: =D19 -> 2015.04
B26: B | C26: Adicional Periculosidade | D26: 0.3 | E26: 0
B27: C | C27: Adicional Insalubridade | D27: 20%~40% | E27: 0
B28: D | C28: Adicional Noturno | D28: 0.2 | E28: 0
B29: E | C29: Adicional de Hora Noturna Reduzida | E29: 0
B30: F | C30: Adicional de Hora Extra no Feriado Trabalhado | E30: 0
B31: G | C31: Outros (especificar) | E31: 0
B32: TOTAL DO MÓDULO 1 | E32: =TRUNC(SUM(E25:E31),2) -> 2015.04
B34: MÓDULO 2 – ENCARGOS E BENEFÍCIOS ANUAIS, MENSAIS E DIÁRIOS
B35: Submódulo 2.1 - 13º Salário, Férias e Adicional de Férias | D35: % | E35: VALOR (R$)
B36: A | C36: 13 (Décimo-terceiro) salário | D36: 0.0833 | E36: =$E$32*D36 -> 167.85283
B37: B | C37: Adicional de Férias | D37: 0.0278 | E37: =D37*E32 -> 56.018112
B38: TOTAL SUBMÓDULO 2.1 | D38: =TRUNC(SUM(D36:D37),4) -> 0.1111 | E38: =TRUNC(SUM(E36:E37),2) -> 223.87
B40: Submódulo 2.2 - GPS, FGTS e Outras Contribuições | D40: % | E40: VALOR (R$)
B41: A | C41: INSS | D41: 0.2 | E41: =($E$32+$E$38)*D41 -> 447.782
B42: B | C42: Salário Educação | D42: 0.025 | E42: =($E$32+$E$38)*D42 -> 55.97275
B43: C | C43: SAT (Art. 22, II, Lei 8.212, de 1991. Resolução MPS/CNPS Nº 1.329, de 25/4/2017.). RAT: 4923-0/02. FAP neutro = 1. Empresa deve preencher de acordo com o valor por ela suportado. | D43: 0.02 | E43: =($E$32+$E$38)*D43 -> 44.7782
B44: D | C44: SESC ou SESI | D44: 0.015 | E44: =($E$32+$E$38)*D44 -> 33.58365
B45: E | C45: SENAI - SENAC | D45: 0.01 | E45: =($E$32+$E$38)*D45 -> 22.3891
B46: F | C46: SEBRAE | D46: 0.006 | E46: =($E$32+$E$38)*D46 -> 13.43346
B47: G | C47: INCRA | D47: 0.002 | E47: =($E$32+$E$38)*D47 -> 4.47782
B48: H | C48: FGTS | D48: 0.08 | E48: =($E$32+$E$38)*D48 -> 179.1128
B49: TOTAL SUBMÓDULO 2.2 | D49: =SUM(D41:D48) -> 0.358 | E49: =TRUNC(SUM(E41:E48),2) -> 801.52
B51: Submódulo 2.3 - Benefícios Mensais e Diários | E51: VALOR (R$)
B52: A | C52: Auxílio Transporte (Clausula 11ª) | D52: 4 | E52: =(D52*2*22)-(E25*6%) -> 55.0976
B53: B | C53: Auxílio Refeição/Alimentação (Clausula 9ª) | D53: 505.99 | E53: =D53 -> 505.99
B54: C | C54: Seguro de Vida | E54: 5.82
B55: C | C55: Plano de Saúde / Plano de Assistência e Cuidado Pessoal | E55: 52.55
B56: TOTAL SUBMÓDULO 2.3 | E56: =TRUNC(SUM(E52:E55),2) -> 619.45
B58: QUADRO-RESUMO DO MÓDULO 2 - ENCARGOS, BENEFÍCIOS ANUAIS, MENSAIS E DIÁRIOS
B59: Módulo 2 - Encargos, Benefícios Anuais, Mensais e Diários | E59: VALOR (R$)
B60: 2.1 | C60: 13º Salário, Férias e Adicional de Férias | E60: =E38 -> 223.87
B61: 2.2 | C61: GPS, FGTS e Outras Contribuições | E61: =E49 -> 801.52
B62: 2.3 | C62: Benefícios Mensais e Diários | E62: =E56 -> 619.45
B63: TOTAL DO MÓDULO 2 | E63: =TRUNC(SUM(E60:E62),2) -> 1644.84
B65: MÓDULO 3 – PROVISÃO PARA RESCISÃO
B66: 3 | C66: PROVISÃO PARA RESCISÃO | D66: % | E66: VALOR (R$)
B67: A | C67: Aviso Prévio Indenizado | D67: 0.0042 | E67: =$E$32*D67 -> 8.463168
B68: B | C68: Incidência do FGTS sobre Aviso Prévio Indenizado | D68: =0.08*D67 -> 0.000336 | E68: =D68*E32 -> 0.67705344
B69: C | C69: Multa do FGTS e Contribuição Social sobre o Aviso Prévio Indenizado | D69: 0.0096 | E69: =$E$32*D69 -> 19.344384
B70: D | C70: Aviso Prévio Trabalhado | D70: 0.0194 | E70: =$E$32*D70 -> 39.091776
B71: E | C71: Incidência de GPS, FGTS e outras contribuições sobre o Aviso Prévio Trabalhado | D71: =D49*D70 -> 0.0069452 | E71: =$E$32*D71 -> 13.994856
B72: F | C72: Multa do FGTS e Contribuição Social sobre o Aviso Prévio Trabalhado | D72: 0.0304 | E72: =$E$32*D72 -> 61.257216
B73: TOTAL DO MÓDULO 3 | D73: =TRUNC(SUM(D67:D72),4) -> 0.0708 | E73: =TRUNC(SUM(E67:E72),2) -> 142.82
B75: MÓDULO 4 – CUSTO DE REPOSIÇÃO DO PROFISSIONAL AUSENTE
B76: Base de Cálculo do Custo do Substituto (BCCS) = Módulos 1 + 2 + Férias - (V. Transporte e V. Alimentação) + 3 | E76: VALOR (R$)
B77: Módulo 1 - Remuneração | E77: =D19 -> 2015.04
B78: Módulo 2 - Encargos e Benefícios Anuais, Mensais e Diários | E78: =E63 -> 1644.84
B79: Acréscimo das Férias com incidência do 2.2 | E79: =1/12*E32*(1+D49) -> 228.03536
B80: Desconto do Auxílio-Refeição | E80: =-E53 -> -505.99
B81: Módulo 3 - Provisão para Rescisão | E81: =E73 -> 142.82
B82: TOTAL BCCS | E82: =TRUNC(SUM(E77:E81),2) -> 3524.74
B84: Submódulo 4.1 - Substituto nas Ausências Legais | D84: % | E84: VALOR (R$)
B85: A | C85: Férias | D85: 0.08333 | E85: =$E$82*D85 -> 293.71658
B86: B | C86: Faltas e Ausências Legais | D86: 0.00415 | E86: =$E$82*D86 -> 14.627671
B87: C | C87: Licença Paternidade | D87: 0.0002 | E87: =$E$82*D87 -> 0.704948
B88: D | C88: Acidente de Trabalho | D88: 0.00051 | E88: =$E$82*D88 -> 1.7976174
B89: E | C89: Auxílio Doença | D89: 0.00111 | E89: =$E$82*D89 -> 3.9124614
B90: F | C90: Afastamento Maternidade | D90: 0.00039 | E90: =$E$82*D90 -> 1.3746486
B91: TOTAL MÓDULO 4 | D91: =TRUNC(SUM(D85:D90),4) -> 0.0896 | E91: =TRUNC(SUM(E85:E90),2) -> 316.13
B93: MÓDULO 5 – INSUMOS DIVERSOS
B94: 5 | C94: INSUMOS DIVERSOS | E94: VALOR (R$)
B95: A | C95: Uniforme | E95: ='MANUT 7SR - Insumos Módulo 5'!B66 -> 86.814167
B96: B | C96: Equipamentos | E96: ='MANUT 7SR - Insumos Módulo 5'!B67 -> 312.3525
B97: TOTAL DO MÓDULO 5 | E97: =TRUNC(SUM(E95:E96),2) -> 399.16
B99: MÓDULO 6 – CUSTOS INDIRETOS, TRIBUTOS E LUCRO
B100: 6 | C100: CUSTOS INDIRETOS, TRIBUTOS E LUCRO | D100: % | E100: VALOR (R$)
B101: A | C101: Custos Indiretos | D101: 0.05 | E101: =TRUNC(D101*E118,2) -> 225.89
B102: B | C102: Subtotal 1 (A + Total Custos Diretos) | E102: =E101+E118 -> 4743.88
B103: C | C103: Lucro | D103: 0.1 | E103: =TRUNC(D103*(E101+E118),2) -> 474.38
B104: D | C104: Subtotal 2 (B+C) | E104: =E102+E103 -> 5218.26
B105: E | C105: TRIBUTOS Tributos (estimado com base no Lucro Real - a empresa deverá preencher de acordo com o regime tributário a que é submetida; em caso de regime de incidência não-cumulativa de PIS/COFINS, deve-se utilizar as alíquotas médias dos últimos 12 (doze) meses, efetivamente recolhidas, mediante comprovação) - (E=(D/(1-Tributos%))x(Tributos%) | D105: 0.1425 | E105: =(E104/(1-D105))*D105 -> 867.1744
B106: E.1 | C106: COFINS | D106: 0.076
B107: E.2 | C107: PIS | D107: 0.0165
B108: E.3 | C108: ISS | D108: 0.05
B109: TOTAL DO MÓDULO 6 (A+C+E) | E109: =E101+E103+E105 -> 1567.4444
B111: QUADRO RESUMO DO CUSTO POR EMPREGADO
B112: Módulo | E112: VALOR (R$)
B113: A | C113: =B23 -> MÓDULO 1 - COMPOSIÇÃO DA REMUNERAÇÃO | E113: =E32 -> 2015.04
...

Sheet MANUT 7SR -  Insumos Módulo 5
A1: MÓDULO 5 – INSUMOS DIVERSOS - Auxiliar de Manutenção de Edificações
A2: Formação de Preços de Insumos (por posto)
A4: Uniforme (estimativa anual por posto)
A5: Descrição | B5: Unidade | C5: Quantidade* | D5: Valor Unitário | E5: Valor Mensal | F5: Valor Semestral | G5: Valor Anual
A6: Camiseta manga curta, na cor azul, em malha fria, com gola simples, sem abotoamento, com a logomarca da empresa. | B6: unidade | C6: 10 | D6: 21.5 | E6: =G6/12 -> 17.916667 | F6: =D6*C6/2 -> 107.5 | G6: =D6*C6 -> 215
A7: Calça comprida, na cor azul, com elástico e cordão, em tecido brim. | B7: unidade | C7: 10 | D7: 61.2 | E7: =G7/12 -> 51 | F7: =D7*C7/2 -> 306 | G7: =D7*C7 -> 612
A8: Par de meias, na cor preta. | B8: par | C8: 10 | D8: 12.5 | E8: =G8/12 -> 10.416667 | F8: =D8*C8/2 -> 62.5 | G8: =D8*C8 -> 125
A9: Botina de segurança (sem nenhum material metálico) | B9: par | C9: 1 | D9: 56.99 | E9: =G9/12 -> 4.7491667 | F9: =D9*C9/2 -> 28.495 | G9: =D9*C9 -> 56.99
A10: Bota de borracha PVC, na cor preta, cano alto, com solado antiderrapante, inteiramente impermeável. | B10: unidade | C10: 1 | D10: 32.78 | E10: =G10/12 -> 2.7316667 | F10: =D10*C10/2 -> 16.39 | G10: =D10*C10 -> 32.78
A11: Total por Posto | E11: =G11/12 -> 86.814167 | F11: =SUM(F6:F10) -> 520.885 | G11: =SUM(G6:G10) -> 1041.77
A12: *Quantidade estipulada refere-se ao quantitativo anual. A entrega dos itens deve ser feita duas vezes por ano: a primeira no início do contrato e a segunda no segundo semestre do contrato.
A15: Equipamentos (estimativa anual)
A16: Descrição | B16: Unidade | C16: Valor Unitário | D16: 7ª SR - Sede
D17: Quantidade | E17: Valor Total
A18: Alicate de corte | B18: Unidade | C18: 26.73 | D18: 1 | E18: 17.88
A19: Alicate de crimpar (conectores) | B19: Unidade | C19: 81.5 | D19: 1 | E19: 26.14
A20: Alicate decapador de fios | B20: Unidade | C20: 45.5 | D20: 1 | E20: 23.98
A21: Alicate universal | B21: Unidade | C21: 31.19 | D21: 1 | E21: 20
A22: Chave de grifo | B22: Unidade | C22: 134.51 | D22: 1 | E22: 120
A23: Chave inglesa | B23: Unidade | C23: 60.51 | D23: 1 | E23: 40
A24: Chaves Allen (Componentes: 1.5 A 24 Mm) | B24: conjunto | C24: 79 | D24: 1 | E24: =D24*$C24 -> 79
A25: Chaves combinadas (Tamanho: 8, 10, 11, 12, 13, 14, 15, 17 E 19 MM) | B25: conjunto | C25: 133 | D25: 1 | E25: =D25*$C25 -> 133
A26: Chaves de fenda, Chata E Philips (diversos tamanhos) | B26: conjunto | C26: 38 | D26: 1 | E26: =D26*$C26 -> 38
A27: Cinto para ferramentas | B27: Unidade | C27: 158.62 | D27: 1 | E27: =D27*$C27 -> 158.62
A28: Colher de pedreiro | B28: Unidade | C28: 16 | D28: 1 | E28: =D28*$C28 -> 16
A29: Desempenadeira | B29: Unidade | C29: 13.7 | D29: 1 | E29: =D29*$C29 -> 13.7
A30: Desentupidor | B30: Unidade | C30: 5.25 | D30: 1 | E30: =D30*$C30 -> 5.25
A31: Escada articulada 5x4 | B31: Unidade | C31: 920 | D31: 1 | E31: =D31*$C31 -> 920
A32: Esquadro | B32: Unidade | C32: 14.08 | D32: 1 | E32: =D32*$C32 -> 14.08
A33: Estilete | B33: Unidade | C33: 2 | D33: 1 | E33: =D33*$C33 -> 2
A34: Extensão eletrica 30 metros (20a) | B34: Unidade | C34: 95.8 | D34: 1 | E34: =D34*$C34 -> 95.8
A35: Facão | B35: Unidade | C35: 27.38 | D35: 1 | E35: =D35*$C35 -> 27.38
... A58: Protetor auricular tipo plug (para atividades mecânicas) | B58: Unidade | C58: 1.65 | D58: 1 | E58: =D58*$C58 -> 1.65
A59: Total Geral - Ano | E59: =SUM(E18:E58) -> 3748.23
A60: Total Geral - Mês | E60: =E59/12 -> 312.3525
A61: Total por Posto | E61: =E60/'MANUT - 7SR - Módulos 1 a 6'!E11 -> 312.3525
A63: TOTAL INSUMOS - Auxiliar de Manutenção de Edificações
A64: Descrição | B64: Valor Mensal por Posto
B65: 7ª/SR
A66: Uniformes | B66: =E11 -> 86.814167
A67: Equipamentos | B67: =E61 -> 312.3525
A68: Total | B68: =SUM(B66:B67) -> 399.16667

Sheet SG 7SR - Módulos 1 a 6
B2: MÓDULOS 1 A 6 - Auxiliar de Serviços Gerais
B3: Planilha de Custos e Formação de Preços
B4: Sede da 7ª SR (Teresina/PI)
B5: Discriminação dos Serviços
B6: Data de apresentação da proposta
B7: Município | E7: Teresina - PI
B8: Ano do Acordo, Convenção ou Dissídio Coletivo | E8: PI000035/2026
B9: Tipo de Serviço | E9: Limpeza
B10: Unidade de Medida | E10: Posto
B11: Quantidade máxima passível de contratação em função da unidade de medida | E11: 8
B12: Nº de meses de execução contratual | E12: 12
B13: Regime Tributário da Empresa
B14: Se Optante pelo Simples Nacional, preencher o faturamento acumulado dos últimos 12 meses
B16: Dados complementares para composição dos custos referente à mão-de-obra
B17: 1 | C17: Tipo de serviço (mesmo serviço com características distintas) | D17: Limpeza - 44h semanais
B18: 2 | C18: Classificação Brasileira de Ocupações (CBO) | D18: 5143-20
B19: 3 | C19: Salário Nominativo da Categoria Profissional | D19: 1659.47
B20: 4 | C20: Categoria profissional (vinculada à execução contratual) | D20: Auxiliar de Serviços Gerais
B21: 5 | C21: Data base da categoria (dia/mês/ano) | D21: 46023
B23: MÓDULO 1 - COMPOSIÇÃO DA REMUNERAÇÃO
B24: 1 | C24: COMPOSIÇÃO DA REMUNERAÇÃO | D24: % | E24: VALOR (R$)
B25: A | C25: Salário Base | E25: =D19 -> 1659.47
B26: B | C26: Adicional Periculosidade | D26: 0.3 | E26: 0
B27: C | C27: Adicional Insalubridade | D27: 20%~40% | E27: 0
B28: D | C28: Adicional Noturno | D28: 0.2 | E28: 0
B29: E | C29: Adicional de Hora Noturna Reduzida | E29: 0
B30: F | C30: Adicional de Hora Extra no Feriado Trabalhado | E30: 0
B31: G | C31: Outros (especificar) | E31: 0
B32: TOTAL DO MÓDULO 1 | E32: =TRUNC(SUM(E25:E31),2) -> 1659.47
B34: MÓDULO 2 – ENCARGOS E BENEFÍCIOS ANUAIS, MENSAIS E DIÁRIOS
B35: Submódulo 2.1 - 13º Salário, Férias e Adicional de Férias | D35: % | E35: VALOR (R$)
B36: A | C36: 13 (Décimo-terceiro) salário | D36: 0.0833 | E36: =$E$32*D36 -> 138.23385
B37: B | C37: Adicional de Férias | D37: 0.0278 | E37: =D37*E32 -> 46.133266
B38: TOTAL SUBMÓDULO 2.1 | D38: =TRUNC(SUM(D36:D37),4) -> 0.1111 | E38: =TRUNC(SUM(E36:E37),2) -> 184.36
B40: Submódulo 2.2 - GPS, FGTS e Outras Contribuições | D40: % | E40: VALOR (R$)
B41: A | C41: INSS | D41: 0.2 | E41: =($E$32+$E$38)*D41 -> 368.766
B42: B | C42: Salário Educação | D42: 0.025 | E42: =($E$32+$E$38)*D42 -> 46.09575
B43: C | C43: SAT (Art. 22, II, Lei 8.212, de 1991. Resolução MPS/CNPS Nº 1.329, de 25/4/2017.). RAT: 4923-0/02. FAP neutro = 1. Empresa deve preencher de acordo com o valor por ela suportado. | D43: 0.02 | E43: =($E$32+$E$38)*D43 -> 36.8766
B44: D | C44: SESC ou SESI | D44: 0.015 | E44: =($E$32+$E$38)*D44 -> 27.65745
B45: E | C45: SENAI - SENAC | D45: 0.01 | E45: =($E$32+$E$38)*D45 -> 18.4383
B46: F | C46: SEBRAE | D46: 0.006 | E46: =($E$32+$E$38)*D46 -> 11.06298
B47: G | C47: INCRA | D47: 0.002 | E47: =($E$32+$E$38)*D47 -> 3.68766
B48: H | C48: FGTS | D48: 0.08 | E48: =($E$32+$E$38)*D48 -> 147.5064
B49: TOTAL SUBMÓDULO 2.2 | D49: =SUM(D41:D48) -> 0.358 | E49: =TRUNC(SUM(E41:E48),2) -> 660.09
B51: Submódulo 2.3 - Benefícios Mensais e Diários | E51: VALOR (R$)
B52: A | C52: Auxílio Transporte (Clausula 11ª) | D52: 4 | E52: =(D52*2*22)-(E25*6%) -> 76.4318
B53: B | C53: Auxílio Refeição/Alimentação (Clausula 9ª) | D53: 505.99 | E53: =D53 -> 505.99
B54: C | C54: Seguro de Vida | E54: 5.82
B55: C | C55: Plano de Saúde / Plano de Assistência e Cuidado Pessoal | E55: 52.55
B56: TOTAL SUBMÓDULO 2.3 | E56: =TRUNC(SUM(E52:E55),2) -> 640.79
B58: QUADRO-RESUMO DO MÓDULO 2 - ENCARGOS, BENEFÍCIOS ANUAIS, MENSAIS E DIÁRIOS
B59: Módulo 2 - Encargos, Benefícios Anuais, Mensais e Diários | E59: VALOR (R$)
B60: 2.1 | C60: 13º Salário, Férias e Adicional de Férias | E60: =E38 -> 184.36
B61: 2.2 | C61: GPS, FGTS e Outras Contribuições | E61: =E49 -> 660.09
B62: 2.3 | C62: Benefícios Mensais e Diários | E62: =E56 -> 640.79
B63: TOTAL DO MÓDULO 2 | E63: =TRUNC(SUM(E60:E62),2) -> 1485.24
B65: MÓDULO 3 – PROVISÃO PARA RESCISÃO
B66: 3 | C66: PROVISÃO PARA RESCISÃO | D66: % | E66: VALOR (R$)
B67: A | C67: Aviso Prévio Indenizado | D67: 0.0042 | E67: =$E$32*D67 -> 6.969774
B68: B | C68: Incidência do FGTS sobre Aviso Prévio Indenizado | D68: =0.08*D67 -> 0.000336 | E68: =D68*E32 -> 0.55758192
B69: C | C69: Multa do FGTS e Contribuição Social sobre o Aviso Prévio Indenizado | D69: 0.0096 | E69: =$E$32*D69 -> 15.930912
B70: D | C70: Aviso Prévio Trabalhado | D70: 0.0194 | E70: =$E$32*D70 -> 32.193718
B71: E | C71: Incidência de GPS, FGTS e outras contribuições sobre o Aviso Prévio Trabalhado | D71: =D49*D70 -> 0.0069452 | E71: =$E$32*D71 -> 11.525351
B72: F | C72: Multa do FGTS e Contribuição Social sobre o Aviso Prévio Trabalhado | D72: 0.0304 | E72: =$E$32*D72 -> 50.447888
B73: TOTAL DO MÓDULO 3 | D73: =TRUNC(SUM(D67:D72),4) -> 0.0708 | E73: =TRUNC(SUM(E67:E72),2) -> 117.62
B75: MÓDULO 4 – CUSTO DE REPOSIÇÃO DO PROFISSIONAL AUSENTE
B76: Base de Cálculo do Custo do Substituto (BCCS) = Módulos 1 + 2 + Férias - (V. Transporte e V. Alimentação) + 3 | E76: VALOR (R$)
B77: Módulo 1 - Remuneração | E77: =D19 -> 1659.47
B78: Módulo 2 - Encargos e Benefícios Anuais, Mensais e Diários | E78: =E63 -> 1485.24
B79: Acréscimo das Férias com incidência do 2.2 | E79: =1/12*E32*(1+D49) -> 187.79669
B80: Desconto do Auxílio-Refeição | E80: =-E53 -> -505.99
B81: Módulo 3 - Provisão para Rescisão | E81: =E73 -> 117.62
B82: TOTAL BCCS | E82: =TRUNC(SUM(E77:E81),2) -> 2944.13
B84: Submódulo 4.1 - Substituto nas Ausências Legais | D84: % | E84: VALOR (R$)
B85: A | C85: Férias | D85: 0.08333 | E85: =$E$82*D85 -> 245.33435
B86: B | C86: Faltas e Ausências Legais | D86: 0.00415 | E86: =$E$82*D86 -> 12.21814
B87: C | C87: Licença Paternidade | D87: 0.0002 | E87: =$E$82*D87 -> 0.588826
B88: D | C88: Acidente de Trabalho | D88: 0.00051 | E88: =$E$82*D88 -> 1.5015063
B89: E | C89: Auxílio Doença | D89: 0.00111 | E89: =$E$82*D89 -> 3.2679843
B90: F | C90: Afastamento Maternidade | D90: 0.00039 | E90: =$E$82*D90 -> 1.1482107
B91: TOTAL MÓDULO 4 | D91: =TRUNC(SUM(D85:D90),4) -> 0.0896 | E91: =TRUNC(SUM(E85:E90),2) -> 264.05
B93: MÓDULO 5 – INSUMOS DIVERSOS
B94: 5 | C94: INSUMOS DIVERSOS | E94: VALOR (R$)
B95: A | C95: Uniforme | E95: ='SG 7SR e ESC - Insumos Módulo 5'!B71 -> 94.295
B96: B | C96: Material | E96: ='SG 7SR e ESC - Insumos Módulo 5'!B72 -> 1109.7575
B97: C | C97: Equipamentos | E97: ='SG 7SR e ESC - Insumos Módulo 5'!B73 -> 12.77125
B98: TOTAL DO MÓDULO 5 | E98: =TRUNC(SUM(E95:E97),2) -> 1216.82
B100: MÓDULO 6 – CUSTOS INDIRETOS, TRIBUTOS E LUCRO
B101: 6 | C101: CUSTOS INDIRETOS, TRIBUTOS E LUCRO | D101: % | E101: VALOR (R$)
B102: A | C102: Custos Indiretos | D102: 0.05 | E102: =TRUNC(D102*E119,2) -> 237.16
B103: B | C103: Subtotal 1 (A + Total Custos Diretos) | E103: =E102+E119 -> 4980.36
B104: C | C104: Lucro | D104: 0.1 | E104: =TRUNC(D104*(E102+E119),2) -> 498.03
B105: D | C105: Subtotal 2 (B+C) | E105: =E103+E104 -> 5478.39
B106: E | C106: TRIBUTOS Tributos (estimado com base no Lucro Real - a empresa deverá preencher de acordo com o regime tributário a que é submetida; em caso de regime de incidência não-cumulativa de PIS/COFINS, deve-se utilizar as alíquotas médias dos últimos 12 (doze) meses, efetivamente recolhidas, mediante comprovação) - (E=(D/(1-Tributos%))x(Tributos%) | D106: 0.1425 | E106: =(E105/(1-D106))*D106 -> 910.403
B107: E.1 | C107: COFINS | D107: 0.076
B108: E.2 | C108: PIS | D108: 0.0165
B109: E.3 | C109: ISS | D109: 0.05
B110: TOTAL DO MÓDULO 6 (A+C+E) | E110: =E102+E104+E106 -> 1645.593
B112: QUADRO RESUMO DO CUSTO POR EMPREGADO
B113: Módulo | E113: VALOR (R$)
...

Sheet SG ESC - Módulos 1 a 6
B1: MÓDULOS 1 A 6 - Auxiliar de Serviços Gerais
B2: Planilha de Custos e Formação de Preços
B3: Escritórios da 7ª SR: 7ª OEA (Oeiras/PI), 7ª EPA (Parnaíba/PI), 7ª ERN (São Raimundo Nonato/PI)
B4: Discriminação dos Serviços
B5: Data de apresentação da proposta
B6: Município | E6: Teresina - PI
B7: Ano do Acordo, Convenção ou Dissídio Coletivo | E7: PI000035/2026
B8: Tipo de Serviço | E8: Limpeza
B9: Unidade de Medida | E9: Posto
B10: Quantidade máxima passível de contratação em função da unidade de medida | E10: 3
B11: Nº de meses de execução contratual | E11: 12
B12: Regime Tributário da Empresa
B13: Se Optante pelo Simples Nacional, preencher o faturamento acumulado dos últimos 12 meses
B15: Dados complementares para composição dos custos referente à mão-de-obra
B16: 1 | C16: Tipo de serviço (mesmo serviço com características distintas) | D16: Limpeza - 20h semanais
B17: 2 | C17: Classificação Brasileira de Ocupações (CBO) | D17: 5143-20
B18: 3 | C18: Salário Nominativo da Categoria Profissional | D18: 1659.47
B19: 4 | C19: Categoria profissional (vinculada à execução contratual) | D19: Auxiliar de Serviços Gerais
B20: 5 | C20: Data base da categoria (dia/mês/ano) | D20: 46023
B22: MÓDULO 1 - COMPOSIÇÃO DA REMUNERAÇÃO
B23: 1 | C23: COMPOSIÇÃO DA REMUNERAÇÃO | D23: % | E23: VALOR (R$)
B24: A | C24: Salário Base | E24: =D18/2 -> 829.735
B25: B | C25: Adicional Periculosidade | D25: 0.3 | E25: 0
B26: C | C26: Adicional Insalubridade | D26: 20%~40% | E26: 0
B27: D | C27: Adicional Noturno | D27: 0.2 | E27: 0
B28: E | C28: Adicional de Hora Noturna Reduzida | E28: 0
B29: F | C29: Adicional de Hora Extra no Feriado Trabalhado | E29: 0
B30: G | C30: Outros (especificar) | E30: 0
B31: TOTAL DO MÓDULO 1 | E31: =TRUNC(SUM(E24:E30),2) -> 829.73
B33: MÓDULO 2 – ENCARGOS E BENEFÍCIOS ANUAIS, MENSAIS E DIÁRIOS
B34: Submódulo 2.1 - 13º Salário, Férias e Adicional de Férias | D34: % | E34: VALOR (R$)
B35: A | C35: 13 (Décimo-terceiro) salário | D35: 0.0833 | E35: =$E$31*D35 -> 69.116509
B36: B | C36: Adicional de Férias | D36: 0.0278 | E36: =D36*E31 -> 23.066494
B37: TOTAL SUBMÓDULO 2.1 | D37: =TRUNC(SUM(D35:D36),4) -> 0.1111 | E37: =TRUNC(SUM(E35:E36),2) -> 92.18
B39: Submódulo 2.2 - GPS, FGTS e Outras Contribuições | D39: % | E39: VALOR (R$)
B40: A | C40: INSS | D40: 0.2 | E40: =($E$31+$E$37)*D40 -> 184.382
B41: B | C41: Salário Educação | D41: 0.025 | E41: =($E$31+$E$37)*D41 -> 23.04775
B42: C | C42: SAT (Art. 22, II, Lei 8.212, de 1991. Resolução MPS/CNPS Nº 1.329, de 25/4/2017.). RAT: 4923-0/02. FAP neutro = 1. Empresa deve preencher de acordo com o valor por ela suportado. | D42: 0.02 | E42: =($E$31+$E$37)*D42 -> 18.4382
B43: D | C43: SESC ou SESI | D43: 0.015 | E43: =($E$31+$E$37)*D43 -> 13.82865
B44: E | C44: SENAI - SENAC | D44: 0.01 | E44: =($E$31+$E$37)*D44 -> 9.2191
B45: F | C45: SEBRAE | D45: 0.006 | E45: =($E$31+$E$37)*D45 -> 5.53146
B46: G | C46: INCRA | D46: 0.002 | E46: =($E$31+$E$37)*D46 -> 1.84382
B47: H | C47: FGTS | D47: 0.08 | E47: =($E$31+$E$37)*D47 -> 73.7528
B48: TOTAL SUBMÓDULO 2.2 | D48: =SUM(D40:D47) -> 0.358 | E48: =TRUNC(SUM(E40:E47),2) -> 330.04
B50: Submódulo 2.3 - Benefícios Mensais e Diários | E50: VALOR (R$)
B51: A | C51: Auxílio Transporte (Clausula 11ª) | D51: 4 | E51: =(D51*2*22)-(E24*6%) -> 126.2159
B52: B | C52: Auxílio Refeição/Alimentação (Clausula 9ª) | D52: 505.99 | E52: =D52 -> 505.99
B53: C | C53: Seguro de Vida | E53: 5.82
B54: C | C54: Plano de Saúde / Plano de Assistência e Cuidado Pessoal | E54: 52.55
B55: TOTAL SUBMÓDULO 2.3 | E55: =TRUNC(SUM(E51:E54),2) -> 690.57
B57: QUADRO-RESUMO DO MÓDULO 2 - ENCARGOS, BENEFÍCIOS ANUAIS, MENSAIS E DIÁRIOS
B58: Módulo 2 - Encargos, Benefícios Anuais, Mensais e Diários | E58: VALOR (R$)
B59: 2.1 | C59: 13º Salário, Férias e Adicional de Férias | E59: =E37 -> 92.18
B60: 2.2 | C60: GPS, FGTS e Outras Contribuições | E60: =E48 -> 330.04
B61: 2.3 | C61: Benefícios Mensais e Diários | E61: =E55 -> 690.57
B62: TOTAL DO MÓDULO 2 | E62: =TRUNC(SUM(E59:E61),2) -> 1112.79
B64: MÓDULO 3 – PROVISÃO PARA RESCISÃO
B65: 3 | C65: PROVISÃO PARA RESCISÃO | D65: % | E65: VALOR (R$)
B66: A | C66: Aviso Prévio Indenizado | D66: 0.0042 | E66: =$E$31*D66 -> 3.484866
B67: B | C67: Incidência do FGTS sobre Aviso Prévio Indenizado | D67: =0.08*D66 -> 0.000336 | E67: =D67*E31 -> 0.27878928
B68: C | C68: Multa do FGTS e Contribuição Social sobre o Aviso Prévio Indenizado | D68: 0.0096 | E68: =$E$31*D68 -> 7.965408
B69: D | C69: Aviso Prévio Trabalhado | D69: 0.0194 | E69: =$E$31*D69 -> 16.096762
B70: E | C70: Incidência de GPS, FGTS e outras contribuições sobre o Aviso Prévio Trabalhado | D70: =D48*D69 -> 0.0069452 | E70: =$E$31*D70 -> 5.7626408
B71: F | C71: Multa do FGTS e Contribuição Social sobre o Aviso Prévio Trabalhado | D71: 0.0304 | E71: =$E$31*D71 -> 25.223792
B72: TOTAL DO MÓDULO 3 | D72: =TRUNC(SUM(D66:D71),4) -> 0.0708 | E72: =TRUNC(SUM(E66:E71),2) -> 58.81
B74: MÓDULO 4 – CUSTO DE REPOSIÇÃO DO PROFISSIONAL AUSENTE
B75: Base de Cálculo do Custo do Substituto (BCCS) = Módulos 1 + 2 + Férias - (V. Transporte e V. Alimentação) + 3 | E75: VALOR (R$)
B76: Módulo 1 - Remuneração | E76: =D18 -> 1659.47
B77: Módulo 2 - Encargos e Benefícios Anuais, Mensais e Diários | E77: =E62 -> 1112.79
B78: Acréscimo das Férias com incidência do 2.2 | E78: =1/12*E31*(1+D48) -> 93.897778
B79: Desconto do Auxílio-Refeição | E79: =-E52 -> -505.99
B80: Módulo 3 - Provisão para Rescisão | E80: =E72 -> 58.81
B81: TOTAL BCCS | E81: =TRUNC(SUM(E76:E80),2) -> 2418.97
B83: Submódulo 4.1 - Substituto nas Ausências Legais | D83: % | E83: VALOR (R$)
B84: A | C84: Férias | D84: 0.08333 | E84: =$E$81*D84 -> 201.57277
B85: B | C85: Faltas e Ausências Legais | D85: 0.00415 | E85: =$E$81*D85 -> 10.038725
B86: C | C86: Licença Paternidade | D86: 0.0002 | E86: =$E$81*D86 -> 0.483794
B87: D | C87: Acidente de Trabalho | D87: 0.00051 | E87: =$E$81*D87 -> 1.2336747
B88: E | C88: Auxílio Doença | D88: 0.00111 | E88: =$E$81*D88 -> 2.6850567
B89: F | C89: Afastamento Maternidade | D89: 0.00039 | E89: =$E$81*D89 -> 0.9433983
B90: TOTAL MÓDULO 4 | D90: =TRUNC(SUM(D84:D89),4) -> 0.0896 | E90: =TRUNC(SUM(E84:E89),2) -> 216.95
B92: MÓDULO 5 – INSUMOS DIVERSOS
B93: 5 | C93: INSUMOS DIVERSOS | E93: VALOR (R$)
B94: A | C94: Uniforme | E94: ='SG 7SR e ESC - Insumos Módulo 5'!D71 -> 94.295
B95: B | C95: Material | E95: ='SG 7SR e ESC - Insumos Módulo 5'!D72 -> 267.46083
B96: C | C96: Equipamentos | E96: ='SG 7SR e ESC - Insumos Módulo 5'!D73 -> 2.9541667
B97: TOTAL DO MÓDULO 5 | E97: =TRUNC(SUM(E94:E96),2) -> 364.71
B99: MÓDULO 6 – CUSTOS INDIRETOS, TRIBUTOS E LUCRO
B100: 6 | C100: CUSTOS INDIRETOS, TRIBUTOS E LUCRO | D100: % | E100: VALOR (R$)
B101: A | C101: Custos Indiretos | D101: 0.05 | E101: =TRUNC(D101*E118,2) -> 129.14
B102: B | C102: Subtotal 1 (A + Total Custos Diretos) | E102: =E101+E118 -> 2712.13
B103: C | C103: Lucro | D103: 0.1 | E103: =TRUNC(D103*(E101+E118),2) -> 271.21
B104: D | C104: Subtotal 2 (B+C) | E104: =E102+E103 -> 2983.34
B105: E | C105: TRIBUTOS Tributos (estimado com base no Lucro Real - a empresa deverá preencher de acordo com o regime tributário a que é submetida; em caso de regime de incidência não-cumulativa de PIS/COFINS, deve-se utilizar as alíquotas médias dos últimos 12 (doze) meses, efetivamente recolhidas, mediante comprovação) - (E=(D/(1-Tributos%))x(Tributos%) | D105: 0.1425 | E105: =(E104/(1-D105))*D105 -> 495.7737
B106: E.1 | C106: COFINS | D106: 0.076
B107: E.2 | C107: PIS | D107: 0.0165
B108: E.3 | C108: ISS | D108: 0.05
B109: TOTAL DO MÓDULO 6 (A+C+E) | E109: =E101+E103+E105 -> 896.1237
B111: QUADRO RESUMO DO CUSTO POR EMPREGADO
B112: Módulo | E112: VALOR (R$)
...

Sheet SG 7SR e ESC - Insumos Módulo 5
A1: MÓDULO 5 – INSUMOS DIVERSOS - Auxiliar de Serviços Gerais
A2: Formação de Preços de Insumos (por posto)
A4: Uniforme (estimativa anual por posto)
A5: Descrição | B5: Unidade | C5: Quantidade* | D5: Valor Unitário | E5: Valor Mensal | F5: Valor Semestral | G5: Valor Anual
A6: Camiseta manga curta, na cor azul, em malha fria, com gola simples, sem abotoamento, com a logomarca da empresa. | B6: unidade | C6: 10 | D6: 21.5 | E6: =G6/12 -> 17.916667 | F6: =D6*C6/2 -> 107.5 | G6: =D6*C6 -> 215
A7: Calça comprida, na cor azul, com elástico e cordão, em tecido brim. | B7: unidade | C7: 10 | D7: 61.2 | E7: =G7/12 -> 51 | F7: =D7*C7/2 -> 306 | G7: =D7*C7 -> 612
A8: Par de meias, na cor preta. | B8: par | C8: 10 | D8: 12.5 | E8: =G8/12 -> 10.416667 | F8: =D8*C8/2 -> 62.5 | G8: =D8*C8 -> 125
A9: Bota para Servicos Gerais, na cor preta, cano curto, antideslizante e antiderrapante, com sistema de elástico, antibactérias, impermeável. | B9: par | C9: 2 | D9: 56.99 | E9: =G9/12 -> 9.4983333 | F9: =D9*C9/2 -> 56.99 | G9: =D9*C9 -> 113.98
A10: Bota de borracha PVC, na cor preta, cano alto, com solado antiderrapante, inteiramente impermeável. | B10: par | C10: 2 | D10: 32.78 | E10: =G10/12 -> 5.4633333 | F10: =D10*C10/2 -> 32.78 | G10: =D10*C10 -> 65.56
A11: Total por Posto | E11: =G11/12 -> 94.295 | F11: =SUM(F6:F10) -> 565.77 | G11: =SUM(G6:G10) -> 1131.54
A12: *Quantidade estipulada refere-se ao quantitativo anual. A entrega dos itens deve ser feita duas vezes por ano: a primeira no início do contrato e a segunda no segundo semestre do contrato.
A15: Material (estimativa mensal)
A16: Descrição | B16: Unidade | C16: Valor Unitário | D16: 7ª SR - Sede | F16: 7ª OEA; EPA; ERN - Escritórios
D17: Quantidade | E17: Valor Total | F17: Quantidade | G17: Valor Total
A18: Álcool, de 1ª qualidade, 70° INPM. Frasco de 1 litro, com registro ANVISA | B18: litro | C18: 6.12 | D18: 38 | E18: =D18*$C18 -> 232.56 | F18: 3 | G18: =F18*$C18 -> 18.36
A19: Álcool gel de 1ª qualidade, álcool etílico hidratado 70° INPM com registro ANVISA – galão 5 litros | B19: litro | C19: 7.69 | D19: 4 | E19: =D19*$C19 -> 30.76 | F19: 6 | G19: =F19*$C19 -> 46.14
A20: Água sanitária de 1ª qualidade com registro ANVISA | B20: litro | C20: 2.08 | D20: 78 | E20: =D20*$C20 -> 162.24 | F20: 3 | G20: =F20*$C20 -> 6.24
A21: Balde plástico preto com capacidade p/ 12 litros | B21: unidade | C21: 10.1 | D21: 4 | E21: =D21*$C21 -> 40.4 | F21: 0.5 | G21: =F21*$C21 -> 5.05
A22: Cera líquida preta para piso emborrachado (cera de carnaúba), secagem rápida e dispensa uso de enceradeira. | B22: litro | C22: 29.79 | D22: 0 | E22: =D22*$C22 -> 0 | F22: 6 | G22: =F22*$C22 -> 178.74
A23: Desentupidor de Pias sanfonado com cabo de 10 a 20 cm | B23: unidade | C23: 5.25 | D23: 2 | E23: =D23*$C23 -> 10.5 | F23: 0.25 | G23: =F23*$C23 -> 1.3125
A24: Detergente para lavar louça, 100% biodegradável com Registro ANVISA - Limpol/Ipê ou similar | B24: litro | C24: 10.29 | D24: 35 | E24: =D24*$C24 -> 360.15 | F24: 6 | G24: =F24*$C24 -> 61.74
A25: Desodorizador de ar, spray,cada unidade contendo 360 a 440 ml, com Registro ANVISA, não agressivo à camada de ozônio. - Bom Ar ou similar | B25: unidade | C25: 10.3 | D25: 10 | E25: =D25*$C25 -> 103 | F25: 3 | G25: =F25*$C25 -> 30.9
A26: Desinfetante | B26: litro | C26: 8 | D26: 15 | E26: =D26*$C26 -> 120 | F26: 3 | G26: =F26*$C26 -> 24
A27: Escova de mão - Monofil ou similar | B27: unidade | C27: 3 | D27: 2 | E27: =D27*$C27 -> 6 | F27: 0.5 | G27: =F27*$C27 -> 1.5
A28: Esponja dupla face verde/amarelo, scoth brite ou similar | B28: unidade | C28: 0.7 | D28: 45 | E28: =D28*$C28 -> 31.5 | F28: 9 | G28: =F28*$C28 -> 6.3
A29: Flanela grande de 1ª qualidade, medindo 30 x 40 cm, cor branca. | B29: unidade | C29: 1.46 | D29: 19 | E29: =D29*$C29 -> 27.74 | F29: 3 | G29: =F29*$C29 -> 4.38
... A51: Vassourinha para limpar vaso | B51: unidade | C51: 6 | D51: 4 | E51: =D51*$C51 -> 24 | F51: 0.5 | G51: =F51*$C51 -> 3
A52: Total Geral - Mês | E52: =SUM(E18:E51) -> 8878.06 | G52: =SUM(G18:G51) -> 802.3825
A53: Total por Posto | E53: =E52/'SG 7SR - Módulos 1 a 6'!E11 -> 1109.7575 | G53: =G52/'SG ESC - Módulos 1 a 6'!E10 -> 267.46083
A55: Equipamentos (estimativa anual)
A56: Descrição | B56: Unidade | C56: Valor Unitário | D56: 7ª/SR | F56: 7ª OEA; EPA; ERN - Escritórios
D57: Quantidade | E57: Valor Total | F57: Quantidade | G57: Valor Total
A58: Lavadora de alta pressão (mínino - 1500w) | B58: unidade | C58: 518.67 | D58: 1 | E58: =D58*C58 -> 518.67 | F58: 0 | G58: =F58*C58 -> 0
A59: Mini-cavalete em polipropileno sinalizador para piso molhado | B59: unidade | C59: 35.45 | D59: 8 | E59: =D59*C59 -> 283.6 | F59: 3 | G59: =F59*C59 -> 106.35
A60: Aspirador De Pó E Água, Capacidade: 20 L, 220 V, 1.200w | B60: unidade | C60: 459.32 | D60: 1 | E60: =D60*C60 -> 459.32 | F60: 0 | G60: =F60*C60 -> 0
A61: Escada de aluminio reforçada, tipo cavalete, com 7 degraus | B61: unidade | C61: 287.99 | D61: 1 | E61: =D61*C61 -> 287.99 | F61: 0 | G61: =F61*C61 -> 0
A62: Extensão eletrica reforçada, composta de cabo 2,5 mm, plugs reforçados, com 20 m de comprimento | B62: unidade | C62: 118.5 | D62: 1 | E62: =D62*C62 -> 118.5 | F62: 0 | G62: =F62*C62 -> 0
A63: Mangueira para jardim com suporte, plástica trançada, com 30 metros de comprimento, esguicho e acessórios, 1/2 polegada. | B63: unidade | C63: 76.63 | D63: 1 | E63: =D63*C63 -> 76.63 | F63: 0 | G63: =F63*C63 -> 0
A64: Total Geral - Ano | E64: =SUM(E59:E63) -> 1226.04 | G64: =SUM(G59:G63) -> 106.35
A65: Total Geral - Mês | E65: =E64/12 -> 102.17 | G65: =G64/12 -> 8.8625
A66: Total por Posto | E66: =E65/'SG 7SR - Módulos 1 a 6'!E11 -> 12.77125 | G66: =G65/'SG ESC - Módulos 1 a 6'!E10 -> 2.9541667
A68: TOTAL INSUMOS - Auxiliar de Serviços Gerais
A69: Descrição | B69: Valor Mensal por Posto
B70: 7ª/SR | D70: 7ª OEA; EPA; ERN - Escritórios
A71: Uniforme | B71: =E11 -> 94.295 | D71: =E11 -> 94.295
A72: Material | B72: =E53 -> 1109.7575 | D72: =G53 -> 267.46083
A73: Equipamentos | B73: =E66 -> 12.77125 | D73: =G66 -> 2.9541667
A74: Total | B74: =SUM(B71:B73) -> 1216.8238 | D74: =SUM(D71:D73) -> 364.71

Sheet COP 7SR - Módulos 1 a 6
B2: MÓDULOS 1 A 6 - Copeira
B3: Planilha de Custos e Formação de Preços
B4: Sede da 7ª SR (Teresina/PI)
B5: Discriminação dos Serviços
B6: Data de apresentação da proposta
B7: Município | E7: Teresina - PI
B8: Ano do Acordo, Convenção ou Dissídio Coletivo | E8: PI000035/2026
B9: Tipo de Serviço | E9: Copeiragem
B10: Unidade de Medida | E10: Posto
B11: Quantidade máxima passível de contratação em função da unidade de medida | E11: 1
B12: Nº de meses de execução contratual | E12: 12
B13: Regime Tributário da Empresa
B14: Se Optante pelo Simples Nacional, preencher o faturamento acumulado dos últimos 12 meses
B16: Dados complementares para composição dos custos referente à mão-de-obra
B17: 1 | C17: Tipo de serviço (mesmo serviço com características distintas) | D17: Copeiragem - 44h semanais
B18: 2 | C18: Classificação Brasileira de Ocupações (CBO) | D18: 5134-25
B19: 3 | C19: Salário Nominativo da Categoria Profissional | D19: 1659.47
B20: 4 | C20: Categoria profissional (vinculada à execução contratual) | D20: Copeira
B21: 5 | C21: Data base da categoria (dia/mês/ano) | D21: 46023
B23: MÓDULO 1 - COMPOSIÇÃO DA REMUNERAÇÃO
B24: 1 | C24: COMPOSIÇÃO DA REMUNERAÇÃO | D24: % | E24: VALOR (R$)
B25: A | C25: Salário Base | E25: =D19 -> 1659.47
B26: B | C26: Adicional Periculosidade | D26: 0.3 | E26: 0
B27: C | C27: Adicional Insalubridade | D27: 20%~40% | E27: 0
B28: D | C28: Adicional Noturno | D28: 0.2 | E28: 0
B29: E | C29: Adicional de Hora Noturna Reduzida | E29: 0
B30: F | C30: Adicional de Hora Extra no Feriado Trabalhado | E30: 0
B31: G | C31: Outros (especificar) | E31: 0
B32: TOTAL DO MÓDULO 1 | E32: =TRUNC(SUM(E25:E31),2) -> 1659.47
B34: MÓDULO 2 – ENCARGOS E BENEFÍCIOS ANUAIS, MENSAIS E DIÁRIOS
B35: Submódulo 2.1 - 13º Salário, Férias e Adicional de Férias | D35: % | E35: VALOR (R$)
B36: A | C36: 13 (Décimo-terceiro) salário | D36: 0.0833 | E36: =$E$32*D36 -> 138.23385
B37: B | C37: Adicional de Férias | D37: 0.0278 | E37: =D37*E32 -> 46.133266
B38: TOTAL SUBMÓDULO 2.1 | D38: =TRUNC(SUM(D36:D37),4) -> 0.1111 | E38: =TRUNC(SUM(E36:E37),2) -> 184.36
B40: Submódulo 2.2 - GPS, FGTS e Outras Contribuições | D40: % | E40: VALOR (R$)
B41: A | C41: INSS | D41: 0.2 | E41: =($E$32+$E$38)*D41 -> 368.766
B42: B | C42: Salário Educação | D42: 0.025 | E42: =($E$32+$E$38)*D42 -> 46.09575
B43: C | C43: SAT (Art. 22, II, Lei 8.212, de 1991. Resolução MPS/CNPS Nº 1.329, de 25/4/2017.). RAT: 4923-0/02. FAP neutro = 1. Empresa deve preencher de acordo com o valor por ela suportado. | D43: 0.02 | E43: =($E$32+$E$38)*D43 -> 36.8766
B44: D | C44: SESC ou SESI | D44: 0.015 | E44: =($E$32+$E$38)*D44 -> 27.65745
B45: E | C45: SENAI - SENAC | D45: 0.01 | E45: =($E$32+$E$38)*D45 -> 18.4383
B46: F | C46: SEBRAE | D46: 0.006 | E46: =($E$32+$E$38)*D46 -> 11.06298
B47: G | C47: INCRA | D47: 0.002 | E47: =($E$32+$E$38)*D47 -> 3.68766
B48: H | C48: FGTS | D48: 0.08 | E48: =($E$32+$E$38)*D48 -> 147.5064
B49: TOTAL SUBMÓDULO 2.2 | D49: =SUM(D41:D48) -> 0.358 | E49: =TRUNC(SUM(E41:E48),2) -> 660.09
B51: Submódulo 2.3 - Benefícios Mensais e Diários | E51: VALOR (R$)
B52: A | C52: Auxílio Transporte (Clausula 11ª) | D52: 4 | E52: =(D52*2*22)-(E25*6%) -> 76.4318
B53: B | C53: Auxílio Refeição/Alimentação (Clausula 9ª) | D53: 505.99 | E53: =D53 -> 505.99
B54: C | C54: Seguro de Vida | E54: 5.82
B55: C | C55: Plano de Saúde / Plano de Assistência e Cuidado Pessoal | E55: 52.55
B56: TOTAL SUBMÓDULO 2.3 | E56: =TRUNC(SUM(E52:E55),2) -> 640.79
B58: QUADRO-RESUMO DO MÓDULO 2 - ENCARGOS, BENEFÍCIOS ANUAIS, MENSAIS E DIÁRIOS
B59: Módulo 2 - Encargos, Benefícios Anuais, Mensais e Diários | E59: VALOR (R$)
B60: 2.1 | C60: 13º Salário, Férias e Adicional de Férias | E60: =E38 -> 184.36
B61: 2.2 | C61: GPS, FGTS e Outras Contribuições | E61: =E49 -> 660.09
B62: 2.3 | C62: Benefícios Mensais e Diários | E62: =E56 -> 640.79
B63: TOTAL DO MÓDULO 2 | E63: =TRUNC(SUM(E60:E62),2) -> 1485.24
B65: MÓDULO 3 – PROVISÃO PARA RESCISÃO
B66: 3 | C66: PROVISÃO PARA RESCISÃO | D66: % | E66: VALOR (R$)
B67: A | C67: Aviso Prévio Indenizado | D67: 0.0042 | E67: =$E$32*D67 -> 6.969774
B68: B | C68: Incidência do FGTS sobre Aviso Prévio Indenizado | D68: =0.08*D67 -> 0.000336 | E68: =D68*E32 -> 0.55758192
B69: C | C69: Multa do FGTS e Contribuição Social sobre o Aviso Prévio Indenizado | D69: 0.0096 | E69: =$E$32*D69 -> 15.930912
B70: D | C70: Aviso Prévio Trabalhado | D70: 0.0194 | E70: =$E$32*D70 -> 32.193718
B71: E | C71: Incidência de GPS, FGTS e outras contribuições sobre o Aviso Prévio Trabalhado | D71: =D49*D70 -> 0.0069452 | E71: =$E$32*D71 -> 11.525351
B72: F | C72: Multa do FGTS e Contribuição Social sobre o Aviso Prévio Trabalhado | D72: 0.0304 | E72: =$E$32*D72 -> 50.447888
B73: TOTAL DO MÓDULO 3 | D73: =TRUNC(SUM(D67:D72),4) -> 0.0708 | E73: =TRUNC(SUM(E67:E72),2) -> 117.62
B75: MÓDULO 4 – CUSTO DE REPOSIÇÃO DO PROFISSIONAL AUSENTE
B76: Base de Cálculo do Custo do Substituto (BCCS) = Módulos 1 + 2 + Férias - (V. Transporte e V. Alimentação) + 3 | E76: VALOR (R$)
B77: Módulo 1 - Remuneração | E77: =D19 -> 1659.47
B78: Módulo 2 - Encargos e Benefícios Anuais, Mensais e Diários | E78: =E63 -> 1485.24
B79: Acréscimo das Férias com incidência do 2.2 | E79: =1/12*E32*(1+D49) -> 187.79669
B80: Desconto do Auxílio-Refeição | E80: =-E53 -> -505.99
B81: Módulo 3 - Provisão para Rescisão | E81: =E73 -> 117.62
B82: TOTAL BCCS | E82: =TRUNC(SUM(E77:E81),2) -> 2944.13
B84: Submódulo 4.1 - Substituto nas Ausências Legais | D84: % | E84: VALOR (R$)
B85: A | C85: Férias | D85: 0.08333 | E85: =$E$82*D85 -> 245.33435
B86: B | C86: Faltas e Ausências Legais | D86: 0.00415 | E86: =$E$82*D86 -> 12.21814
B87: C | C87: Licença Paternidade | D87: 0.0002 | E87: =$E$82*D87 -> 0.588826
B88: D | C88: Acidente de Trabalho | D88: 0.00051 | E88: =$E$82*D88 -> 1.5015063
B89: E | C89: Auxílio Doença | D89: 0.00111 | E89: =$E$82*D89 -> 3.2679843
B90: F | C90: Afastamento Maternidade | D90: 0.00039 | E90: =$E$82*D90 -> 1.1482107
B91: TOTAL MÓDULO 4 | D91: =TRUNC(SUM(D85:D90),4) -> 0.0896 | E91: =TRUNC(SUM(E85:E90),2) -> 264.05
B93: MÓDULO 5 – INSUMOS DIVERSOS
B94: 5 | C94: INSUMOS DIVERSOS | E94: VALOR (R$)
B95: A | C95: Uniforme | E95: ='COP 7SR - Insumos Módulo 5'!B43 -> 128.65833
B96: B | C96: Material | E96: ='COP 7SR - Insumos Módulo 5'!B44 -> 1366.5954
B97: TOTAL DO MÓDULO 5 | E97: =TRUNC(SUM(E95:E96),2) -> 1495.25
B99: MÓDULO 6 – CUSTOS INDIRETOS, TRIBUTOS E LUCRO
B100: 6 | C100: CUSTOS INDIRETOS, TRIBUTOS E LUCRO | D100: % | E100: VALOR (R$)
B101: A | C101: Custos Indiretos | D101: 0.05 | E101: =TRUNC(D101*E118,2) -> 251.08
B102: B | C102: Subtotal 1 (A + Total Custos Diretos) | E102: =E101+E118 -> 5272.71
B103: C | C103: Lucro | D103: 0.1 | E103: =TRUNC(D103*(E101+E118),2) -> 527.27
B104: D | C104: Subtotal 2 (B+C) | E104: =E102+E103 -> 5799.98
B105: E | C105: TRIBUTOS Tributos (estimado com base no Lucro Real - a empresa deverá preencher de acordo com o regime tributário a que é submetida; em caso de regime de incidência não-cumulativa de PIS/COFINS, deve-se utilizar as alíquotas médias dos últimos 12 (doze) meses, efetivamente recolhidas, mediante comprovação) - (E=(D/(1-Tributos%))x(Tributos%) | D105: 0.1425 | E105: =(E104/(1-D105))*D105 -> 963.84507
B106: E.1 | C106: COFINS | D106: 0.076
B107: E.2 | C107: PIS | D107: 0.0165
B108: E.3 | C108: ISS | D108: 0.05
B109: TOTAL DO MÓDULO 6 (A+C+E) | E109: =E101+E103+E105 -> 1742.1951
B111: QUADRO RESUMO DO CUSTO POR EMPREGADO
B112: Módulo | E112: VALOR (R$)
B113: A | C113: =B23 -> MÓDULO 1 - COMPOSIÇÃO DA REMUNERAÇÃO | E113: =E32 -> 1659.47
...

Sheet COP 7SR - Insumos Módulo 5
A1: MÓDULO 5 – INSUMOS DIVERSOS - Copeira
A2: Formação de Preços de Insumos (por posto)
A4: Uniforme (estimativa anual por posto)
A5: Descrição | B5: Unidade | C5: Quantidade* | D5: Valor Unitário | E5: Valor Mensal | F5: Valor Semestral | G5: Valor Anual
A6: Calça social feminina reta, cintura alta, fechamento frontal por botão e zíper, na cor azul escuro, em oxford ou brim. | B6: unidade | C6: 10 | D6: 74 | E6: =G6/12 -> 61.666667 | F6: =D6*C6/2 -> 370 | G6: =D6*C6 -> 740
A7: Jaleco, na cor azul escuto, com 3 bolsos frontais chapados, manga curta | B7: unidade | C7: 10 | D7: 48.89 | E7: =G7/12 -> 40.741667 | F7: =D7*C7/2 -> 244.45 | G7: =D7*C7 -> 488.9
A8: Sapato social fechado, frente arredondada, na cor preta (sem detalhes), salto baixo, antiderrapante. | B8: par | C8: 2 | D8: 95 | E8: =G8/12 -> 15.833333 | F8: =D8*C8/2 -> 95 | G8: =D8*C8 -> 190
A9: Par de meias na cor preta | B9: par | C9: 10 | D9: 12.5 | E9: =G9/12 -> 10.416667 | F9: =D9*C9/2 -> 62.5 | G9: =D9*C9 -> 125
A10: Total por Posto | E10: =G10/12 -> 128.65833 | F10: =SUM(F6:F9) -> 771.95 | G10: =SUM(G6:G9) -> 1543.9
A11: *Quantidade estipulada refere-se ao quantitativo anual. A entrega dos itens deve ser feita duas vezes por ano: a primeira no início do contrato e a segunda no segundo semestre do contrato.
A14: Material (estimativa mensal)
A15: Descrição | B15: Unidade | C15: Valor Unitário | D15: 7ª SR - Sede
D16: Quantidade | E16: Valor Total
A17: Água sanitária de 1ª qualidade com registro ANVISA | B17: litro | C17: 2.08 | D17: 1 | E17: =D17*$C17 -> 2.08
A18: Álcool de 1ª qualidade, 70º INPM. Frasco de 1 litro, com registro ANVISA | B18: litro | C18: 6.12 | D18: 2 | E18: =D18*$C18 -> 12.24
A19: Balde plástico preto com capacidade p/ 12 litros | B19: unidade | C19: 10.1 | D19: 0.16 | E19: =D19*$C19 -> 1.616
A20: Detergente para lavar louça, 100% biodegradável com Registro ANVISA - Limpol/Ipê ou similar | B20: litro | C20: 10.29 | D20: 3 | E20: =D20*$C20 -> 30.87
A21: Esponja dupla face verde/amarelo – pacote com 03 unidades – 3M, scoth brite ou similar | B21: unidade | C21: 0.7 | D21: 9 | E21: =D21*$C21 -> 6.3
A22: Lã/ esponja de aço – Bom bril ou similar | B22: unidade | C22: 2 | D22: 8 | E22: =D22*$C22 -> 16
A23: Limpador líquido multiúso concentrado – Veja ou similar | B23: unidade | C23: 2.83 | D23: 2 | E23: =D23*$C23 -> 5.66
A24: Luva de látex natural de 1° qualidade | B24: par | C24: 4.29 | D24: 2 | E24: =D24*$C24 -> 8.58
A25: Pano de prato | B25: unidade | C25: 3.95 | D25: 4 | E25: =D25*$C25 -> 15.8
A26: Pano de Chão | B26: unidade | C26: 3.69 | D26: 2 | E26: =D26*$C26 -> 7.38
A27: Rodo com 2 borrachas – 60 cm de largura, com cabo | B27: unidade | C27: 8.45 | D27: 0.16 | E27: =D27*$C27 -> 1.352
A28: Rodo para pia | B28: unidade | C28: 4.45 | D28: 0.16 | E28: =D28*$C28 -> 0.712
... A36: Coador de café de pano, 100% algodão, Tamanho G | B36: unidade | C36: 6.95 | D36: 2 | E36: =D36*$C36 -> 13.9
A37: Total Geral - Mês | E37: =SUM(E17:E36) -> 1366.5954
A38: Total por Posto | E38: =E37/'COP 7SR - Módulos 1 a 6'!E11 -> 1366.5954
A40: TOTAL INSUMOS - Copeira
A41: Descrição | B41: Valor Mensal por Posto
B42: 7ª/SR
A43: Uniforme | B43: =E10 -> 128.65833
A44: Material | B44: =E38 -> 1366.5954
A45: Total | B45: =SUM(B43:B44) -> 1495.2537
